 Dungeon Crawl Stone Soup version 0.27-a0-1287-gca74d27db6 (webtiles) character file.

Game seed: 11233050983689958577

1085 Zonian the Destroyer (level 8, -1/43 HPs)
             Began as a Tengu Conjurer on June 15, 2021.
             Was a Priest of Wu Jian.
             Shot with an arrow by a centaur (11 damage)
             ... on level 5 of the Dungeon.
             The game lasted 00:11:50 (9763 turns).

Zonian the Destroyer (Tengu Conjurer)               Turns: 9763, Time: 00:11:50

Health: -1/43      AC:  5    Str: 12    XL:     8   Next: 30%
Magic:  12/17      EV: 15    Int: 30    God:    Wu Jian [***...]
Gold:   345        SH:  0    Dex: 12    Spells: 14/17 levels left

rFire    + + .     SeeInvis .   l - +7 war axe of Okawaru's Condemnation {elec, rC- rCorr Str+4 Int+9}
rCold    + . .     Faith    .   (no shield)
rNeg     . . .     Spirit   .   e - +1 robe {rC+ rF+}
rPois    +         Reflect  .   (helmet restricted)
rElec    +         Harm     .   (no cloak)
rCorr    +         Rampage  .   k - +1 pair of gloves
Will     .....                  (boots unavailable)
Stlth    ++........             (no amulet)
HPRegen  0.14/turn              (no ring)
MPRegen  0.15/turn              (no ring)

@: resistant, flying quickly and evasively, quick
A: beak, talons 3, nimble flight
a: Renounce Religion, Wall Jump, Serpent's Lash


You were on level 5 of the Dungeon.
You worshipped Wu Jian.
Wu Jian was most pleased with you.
You visited 2 branches of the dungeon, and saw 6 of its levels.

You collected 345 gold pieces.

Inventory:

Hand Weapons
 c - a +0 dagger
 l - the +7 war axe of Okawaru's Condemnation (weapon) {elec, rC- rCorr Str+4 Int+9}
   (You found it on level 5 of the Dungeon)

   Occasionally, upon striking a foe, it can discharge electrical energy and
   cause terrible harm.
   It affects your strength (+4).
   It affects your intelligence (+9).
   It makes you vulnerable to cold.
   It protects you from acid and corrosion.
 r - a +2 short sword of protection
 s - a +1 vorpal mace
 u - a +0 vorpal war axe
Missiles
 h - 30 poisoned darts
Armour
 a - a +0 robe
 e - a +1 robe of resistance (worn)
 k - a +1 pair of gloves (worn)
Scrolls
 g - a scroll of immolation
 i - 2 scrolls of blinking
 m - a scroll of silence
Potions
 b - 2 potions of mutation
 j - a potion of lignification {unknown}
 n - a potion of heal wounds {unknown}
 o - a potion of flight
 p - 2 potions of degeneration
 q - 2 potions of berserk rage
 v - a potion of attraction {unknown}


   Skills:
 + Level 1.3 Fighting
 - Level 1.6 Short Blades
 * Level 1.4 Axes
 + Level 3.5 Dodging
 + Level 3.7 Stealth
 + Level 5.3 Spellcasting
 + Level 9.3 Conjurations


You had 14 spell levels left.
You knew the following spells:

 Your Spells              Type           Power      Damage    Failure   Level
a - Magic Dart            Conj           100%       1d8       1%          1
b - Searing Ray           Conj           100%       3d7       1%          2

Your spell library contained the following spells:

 Spells                   Type           Power      Damage    Failure   Level
 Dazzling Flash           Conj/Hex       72%        N/A       2%          3
 Fulminant Prism          Conj/Hex       18%        3d11      9%          4
 Iskenderun's Mystic Bla  Conj/Tloc      36%        2d9       9%          4


Dungeon Overview and Level Annotations

Branches:
Dungeon (5/15)             Temple (1/1) D:4

Altars:
Ashenzari
Fedhas
Ru
Uskayaw
Vehumet
Wu Jian
Xom
Zin


Innate Abilities, Weirdness & Mutations

You have a beak for a mouth.
You have claws for feet.
Your magical nature lets you fly swiftly and evasively.


Message History

The magic dart hits the centaur.
The centaur is heavily wounded.
The magic dart hits the centaur but does no damage.
The centaur is heavily wounded.
The centaur shoots an arrow.
The arrow barely misses you.
The centaur shoots an arrow.
The arrow hits you!
Unknown command.
Okay, then.
Casting: Magic Dart (safe; 1% risk of failure)
Confirm with . or Enter, or press ? or * to list all spells.
You can't see any susceptible monsters within range! (Use Z to cast anyway.)
Okay, then.
You are too injured to fight recklessly!
Casting: Magic Dart (safe; 1% risk of failure)
Confirm with . or Enter, or press ? or * to list all spells.
Aiming: Magic Dart (safe; 1% risk of failure)
Press: ? - help, Shift-Dir - straight line, f/p - centaur
Aim: a centaur, wielding a +0 shortbow and quivering arrows (heavily wounded, 100% to hit)
The magic dart hits the centaur but does no damage.
The centaur is heavily wounded.
The centaur shoots an arrow.
The arrow hits you!
* * * LOW HITPOINT WARNING * * *
You feel better.
The centaur shoots an arrow.
The arrow hits you!
* * * LOW HITPOINT WARNING * * *
Okay, then.
You feel better.
The centaur shoots an arrow.
The arrow hits you!
* * * LOW HITPOINT WARNING * * *
You feel better.
The centaur shoots an arrow.
The arrow hits you.
The centaur shoots an arrow.
The arrow hits you.
* * * LOW HITPOINT WARNING * * *
Casting: Magic Dart (safe; 1% risk of failure)
Confirm with . or Enter, or press ? or * to list all spells.
You can't see any susceptible monsters within range! (Use Z to cast anyway.) It was a potion of flight.
You feel more buoyant.
The centaur shoots an arrow.
The arrow barely misses you.
It was a potion of resistance.
You feel protected.
The centaur shoots an arrow.
The arrow hits you!
You die...

....##..##......##...
.....#................##
#.................# ....
..................##>.##
............#.#.........
............#...........
............#...........
.......##...............
................@.......
........................
.......###..............
....Z..######.....###...
........##.##...†.#.....
..............c.........
c........#....[........#
..h.....##......[....###
##......#.............#.


You could see a centaur.

Vanquished Creatures
  An orc warrior (D:4)
  2 phantoms
  An ogre (Temple)
  A scorpion (D:4)
  A bullfrog zombie (D:5)
  2 jellies (D:5)
  3 orc priests
  3 hounds
  3 iguanas (D:5)
  Natasha (thrice) (D:3)
  3 orc wizards
  Robin (D:2)
  7 adders
  An ufetubus (D:4)
  2 adder skeletons (D:4)
  A worm (D:2)
  A dart slug (D:1)
  19 orcs
  5 bats
  5 endoplasms
  2 giant cockroaches
  14 goblins
  6 hobgoblins
  13 jackals
  9 kobolds
  6 ball pythons
  6 frilled lizards
  3 rats
124 creatures vanquished.

Notes
Turn   | Place    | Note
-------+----------+-------------------------------------------
     0 | D:1      | Zonian the Tengu Conjurer began the quest for the Orb.
     0 | D:1      | Reached XP level 1. HP: 10/10 MP: 4/4
    40 | D:1      | You fall into a shaft and drop 1 floor!
    40 | D:2      | Found a broken altar of Ashenzari.
   558 | D:1      | Reached XP level 2. HP: 15/15 MP: 3/6
   593 | D:1      | Learned a level 2 spell: Searing Ray
  1102 | D:1      | Reached skill level 6 in Conjurations
  1444 | D:1      | Reached XP level 3. HP: 19/19 MP: 2/7
  2314 | D:2      | Found a faded altar of an unknown god.
  2325 | D:2      | Became a worshipper of the Wu Jian Council
  2325 | D:2      | Reached * piety under Wu Jian
  2515 | D:2      | Noticed Robin
  3127 | D:2      | Killed Robin
  3128 | D:2      | Reached XP level 4. HP: 7/24 MP: 2/8
  3909 | D:3      | Found a glowing silver altar of Zin.
  3910 | D:3      | Noticed an angel
  3923 | D:3      | Found a shimmering altar of Xom.
  3931 | D:3      | Gained mutation: Your magical nature lets you fly swiftly
                  | and evasively. [Tengu growth]
  3931 | D:3      | Reached XP level 5. HP: 23/28 MP: 0/10
  4259 | D:3      | Reached skill level 7 in Conjurations
  4387 | D:3      | Noticed Natasha
  4397 | D:3      | Killed Natasha
  4761 | D:3      | Noticed Natasha
  4767 | D:3      | Killed Natasha
  4768 | D:3      | Reached XP level 6. HP: 27/32 MP: 0/12
  5013 | D:3      | Reached ** piety under Wu Jian
  5454 | D:3      | Noticed Natasha
  5457 | D:3      | Killed Natasha
  5731 | D:3      | Found a hide-covered altar of Uskayaw.
  6224 | D:4      | Found a staircase to the Ecumenical Temple.
  6274 | Temple   | Entered the Ecumenical Temple
  6650 | Temple   | Reached skill level 8 in Conjurations
  7229 | D:4      | Reached XP level 7. HP: 36/37 MP: 8/14
  8128 | D:4      | Reached *** piety under Wu Jian
  8131 | D:4      | Reached skill level 1 in Short Blades
  8353 | D:5      | Entered Level 5 of the Dungeon
  8729 | D:5      | Reached skill level 9 in Conjurations
  8732 | D:5      | Reached skill level 1 in Fighting
  8929 | D:5      | Reached XP level 8. HP: 43/43 MP: 10/16
  8991 | D:5      | Reached skill level 5 in Spellcasting
  9075 | D:5      | Identified the +7 war axe of Okawaru's Condemnation {elec,
                  | rC- rCorr Str+4 Int+9}
  9183 | D:5      | Reached skill level 1 in Axes
  9763 | D:5      | Shot with an arrow by a centaur

Illustrated notes

Levels and vault maps discovered:
D:1:      dpeg_arrival_tiny_d, layout_loops_cross, minmay_three_crescents
D:2:      layout_basic, chequers_ecumenical_altar_simple, basic_altar,
          uniq_robin
D:3:      layout_loops_ring, grunt_temple_overflow_order_and_chaos_1,
          nicolae_uskayaw_murder_on_the_dancefloor, uniq_natasha
D:4:      layout_basic, minmay_temple_entry_arrows
D:5:      layout_cave_pools
Temple:   dpeg_three_leaves_temple

Skill      XL: |  1  2  3  4  5  6  7  8 |
---------------+-------------------------+-----
Conjurations   | 6 7 8 9 |  9.3
Spellcasting   | 3 4 5 |  5.3
Stealth        | 3 |  3.7
Dodging        | 3 |  3.5
Short Blades   | 1 |  1.6
Fighting       | 1 |  1.3
Axes           | 1 |  1.4

Action                   |  1- 3 |  4- 6 |  7- 9 || total
-------------------------+-------+-------+-------++-------
Melee: Unarmed           |     4 |       |       ||     4
       Dagger            |     6 |    10 |       ||    16
       Peck              |     1 |     3 |     3 ||     7
       Kick              |     1 |       |     6 ||     7
       Short sword       |       |    12 |    19 ||    31
       War axe           |       |       |    11 ||    11
 Cast: Magic Dart        |    76 |    92 |    90 ||   258
       Searing Ray       |     2 |     9 |     7 ||    18
Invok: Lunge             |     1 |       |     1 ||     2
       Whirlwind         |       |     5 |    12 ||    17
  Use: Scroll            |       |       |    11 ||    11
       Potion            |       |       |     5 ||     5
Armor: Robe              |     5 |    10 |    16 ||    31
Dodge: Dodged            |    16 |    18 |    44 ||    78

Table legend: (Time is in decaauts)
 A = Elapsed time spent in this place.
 B = Non-inter-level travel time spent in this place.
 C = Inter-level travel time spent in this place.
 D = Time resting spent in this place.
 E = Time spent auto-exploring this place.
 F = Levels seen in this place.
 G = Mean time per level.
                   A        B        C        D        E       F      G
               +--------+--------+--------+--------+--------+-----+--------+
         Total |   9630 |   9465 |    165 |   4964 |   3532 |   6 | 1605.0 |
       Dungeon |   8962 |   8797 |    165 |   4310 |   3528 |   5 | 1792.4 |
        Temple |    668 |    668 |      0 |    654 |      3 |   1 |  668.0 |
               +--------+--------+--------+--------+--------+-----+--------+

Top non-repeatable levels by time:
     D:1: 2347 daAuts
     D:3: 2292 daAuts
     D:4: 1942 daAuts
     D:2: 1545 daAuts
     D:5: 834 daAuts
  Temple: 668 daAuts
